 Dungeon Crawl Stone Soup version 0.21.1-1-g345015f (webtiles) character file.

1887 JeffiDaFish the Geomancer (level 9, -1/49 HPs)
             Began as a Gargoyle Earth Elementalist on Feb 18, 2018.
             Slain by an orc priest
             ... wielding a +0 club
              (5 damage)
             ... on level 6 of the Dungeon.
             The game lasted 00:19:05 (7228 turns).

JeffiDaFish the Geomancer (GrEE)                    Turns: 7228, Time: 00:19:07

Health: -1/49      AC: 11    Str: 12    XL:     9   Next: 14%
Magic:  1/20       EV: 12    Int: 19    God:
Gold:   283        SH:  0    Dex: 10    Spells: 14/23 levels left

rFire    + . .     SeeInvis .   m - +0 flail
rCold    . . .     Gourm    .   (no shield)
rNeg     + . .     Faith    .   c - +0 robe
rPois    ∞         Spirit   .   n - +0 helmet
rElec    +         Reflect  .   (no cloak)
rCorr    .         Harm     .   i - +1 pair of gloves
MR       .....                  (no boots)
Stlth    ++........             (no amulet)
HPRegen  0.16/turn              a - ring of protection from fire
MPRegen  0.17/turn              p - ring of wizardry

@: no status effects
A: negative energy resistance 1, electricity resistance, unbreathing,
petrification resistance, rot immunity, AC +6
a: no special abilities


You were on level 6 of the Dungeon.
You were not hungry.

You visited 2 branches of the dungeon, and saw 7 of its levels.

You collected 283 gold pieces.

Inventory:

Hand Weapons
 m - a +0 flail (weapon)
Missiles
 b - 107 stones (quivered)
Armour
 c - a +0 robe (worn)
 i - a +1 pair of gloves (worn)
 n - a +0 helmet (worn)
Jewellery
 a - a ring of protection from fire (left hand)
 p - a ring of wizardry (right hand)
Wands
 l - a wand of digging (13)
Scrolls
 f - a scroll of remove curse
 g - 6 scrolls of teleportation
 j - 2 scrolls of identify
 q - a scroll of amnesia
Potions
 k - a potion of resistance
Books
 e - a book of Geomancy

   Spells                             Type                      Level
   a - Sandblast                      Earth                        1
   b - Passwall                       Transmutation/Earth          2
   c - Stone Arrow                    Conjuration/Earth            3
   d - Petrify                        Transmutation/Earth          4
   e - Lee's Rapid Deconstruction     Earth                        5
 o - a book of Debilitation

   Spells                             Type                      Level
   a - Corona                         Hexes                        1
   b - Slow                           Hexes                        2
   c - Inner Flame                    Hexes/Fire                   3
   d - Portal Projectile              Hexes/Translocation          3
   e - Cause Fear                     Hexes                        4
   f - Leda's Liquefaction            Hexes/Earth                  4
Comestibles
 d - 9 rations


   Skills:
 + Level 2.8 Fighting
 - Level 1.5 Dodging
 - Level 2.1 Stealth
 * Level 7.5 Spellcasting
 + Level 2.7 Conjurations
   Level 0.7 Transmutations
 + Level 9.6 Earth Magic


You had 14 spell levels left.
You knew the following spells:

 Your Spells              Type           Power        Failure   Level  Hunger
a - Sandblast             Erth           #####.       1%          1    None
b - Stone Arrow           Conj/Erth      ####..       1%          3    #......
c - Lee's Rapid Deconstr  Erth           #####.....   1%          5    #####..


Dungeon Overview and Level Annotations

Branches:
Dungeon (6/15)             Temple (1/1) D:5

Altars:
Ashenzari
Cheibriados
Dithmenos
Elyvilon
Fedhas
Hepliaklqana
Kikubaaqudgha
Makhleb
Nemelex Xobeh
Okawaru
Qazlal
Ru
Sif Muna
Trog
Wu Jian
Xom
Yredelemnul
The Shining One

Annotations:
D:3 exclusion: oklob plant
D:6 exclusion: oklob plant


Innate Abilities, Weirdness & Mutations

You are resistant to torment.
Your stone body is resilient. (AC +6)
You are immune to poison.
You resist negative energy. (rN+)
You are resistant to electric shocks. (rElec)
You can survive without breathing.
You are immune to petrification.
You are immune to rotting.


Message History

You hit the orc priest.
The orc priest is almost dead.
The orc wizard hits you but does no damage.
The orc priest looks braver for a moment.
The orc wizard misses you. The orc priest barely misses you.
The orc wizard barely misses you.
You hit the orc priest but do no damage.
The orc priest is severely wounded.
The orc wizard hits you but does no damage.
The orc priest hits you but does no damage.
The orc wizard hits you but does no damage.
You barely miss the orc priest.
The orc priest is severely wounded.
The orc wizard hits you but does no damage.
The orc priest barely misses you. The orc wizard closely misses you.
You hit the orc priest.
The orc priest is almost dead.
The orc wizard hits you but does no damage.
The orc priest hits you with a club.
You die...

## ##### #.#. ..... #.#.
#... ..#... #..# #.##..
## #..# #.##.P ... #..#
#.##P_ ....#####..#######
#.###P #.....oo@........#
#.# #.
#.....###o.#####.###.####
.......o)..# #.........
#.....####.# #####.....
#.... #.# #.#### ###. #.#
#######).... .. #..
.......<.### ## ###
########.#
##########.......#


You could see an orc priest, an orc wizard and an orc.

Vanquished Creatures
  Eustachio (D:5)
  2 water moccasins
  An orc warrior (D:6)
  3 ice beasts
  3 centaurs
  An ogre (D:4)
  2 scorpions
  A wight (D:6)
  3 howler monkeys
  2 crimson imps (D:6)
  2 hounds (D:4)
  2 orc wizards
  2 iguanas
  2 worker ants
  2 hound skeletons (D:5)
  Robin (D:4)
  12 adders
  3 shadow imps
  An ooze (D:2)
  2 adder zombies (D:6)
  4 worms
  A dart slug (D:1)
  4 leopard geckos
  7 orcs
  2 ball pythons
  9 bats
  5 giant cockroaches
  15 goblins
  10 hobgoblins
  8 jackals
  12 kobolds
  A quokka (D:6)
  4 frilled lizards
  A leopard gecko skeleton (D:6)
  7 rats
138 creatures vanquished.

Notes
Turn   | Place    | Note
-------+----------+-------------------------------------------
     0 | D:1      | JeffiDaFish the Gargoyle Earth Elementalist began the quest for the Orb.
     0 | D:1      | Reached XP level 1. HP: 10/10 MP: 3/3
   332 | D:1      | Reached skill level 4 in Earth Magic
   332 | D:1      | Reached XP level 2. HP: 15/15 MP: 3/5
   726 | D:2      | Reached XP level 3. HP: 17/19 MP: 4/7
  1207 | D:2      | Reached XP level 4. HP: 24/24 MP: 6/8
  1229 | D:2      | Learned a level 3 spell: Stone Arrow
  1424 | D:2      | Reached skill level 5 in Earth Magic
  1866 | D:3      | Found a shattered altar of Ashenzari.
  1871 | D:3      | Reached XP level 5. HP: 28/28 MP: 7/10
  1884 | D:3      | Learned a level 5 spell: Lee's Rapid Deconstruction
  2197 | D:3      | Found a shadowy altar of Dithmenos.
  2237 | D:3      | Found a glowing golden altar of the Shining One.
  2342 | D:3      | Found a blossoming altar of Fedhas.
  2355 | D:3      | Noticed an oklob plant
  2806 | D:4      | Reached skill level 6 in Earth Magic
  2863 | D:4      | Reached XP level 6. HP: 4/32 MP: 9/12
  3371 | D:4      | Reached skill level 7 in Earth Magic
  3371 | D:4      | Reached XP level 7. HP: 32/36 MP: 1/14
  3607 | D:4      | Noticed Robin
  3662 | D:4      | Killed Robin
  3662 | D:4      | Reached skill level 5 in Spellcasting
  3904 | D:4      | Found a shadowy altar of Dithmenos.
  4059 | D:5      | Entered Level 5 of the Dungeon
  4153 | D:5      | Found a staircase to the Ecumenical Temple.
  4163 | Temple   | Entered the Ecumenical Temple
  4578 | D:5      | Noticed Eustachio
  4584 | D:5      | Killed Eustachio
  4591 | D:5      | Reached skill level 8 in Earth Magic
  4600 | D:5      | Reached XP level 8. HP: 13/41 MP: 0/16
  5096 | D:5      | Reached skill level 9 in Earth Magic
  5539 | D:6      | Reached skill level 1 in Fighting
  5544 | D:6      | Reached skill level 1 in Conjurations
  6044 | D:6      | Noticed an oklob plant
  6187 | D:6      | Reached XP level 9. HP: 29/49 MP: 13/19
  6325 | D:6      | Found a hazy altar of Hepliaklqana.
  7228 | D:6      | Slain by an orc priest

Skill      XL: |  1  2  3  4  5  6  7  8 |
---------------+-------------------------+-----
Earth Magic    | 4 5 6 7 8 9 |  9.6
Spellcasting   | 3 4 5 7 |  7.5
Fighting       | 2 |  2.8
Conjurations   | 2 |  2.7
Dodging        | |  1.5
Stealth        | |  2.1
Transmutations | |  0.7

Action                   |  1- 3 |  4- 6 |  7- 9 || total
-------------------------+-------+-------+-------++-------
Melee: Unarmed           |     8 |       |       ||     8
       Whip              |    28 |    50 |       ||    78
       Flail             |       |    74 |   117 ||   191
 Cast: Sandblast         |    38 |    52 |    51 ||   141
       Stone Arrow       |       |    10 |    51 ||    61
       Lee's Rapid Decon |       |       |    10 ||    10
  Use: Scroll            |     5 |     1 |     3 ||     9
       Potion            |     1 |     2 |     5 ||     8
 Stab: Sleeping          |     2 |     1 |     1 ||     4
       Invisible         |       |     1 |       ||     1
  Eat: Chunk             |     1 |     8 |    14 ||    23
       Ration            |       |       |     1 ||     1
Armor: Robe              |    20 |    79 |    81 ||   180
Dodge: Dodged            |    24 |   135 |   105 ||   264
